 Dungeon Crawl Stone Soup version 0.27-a0-811-ga052575696 (webtiles) character file.

Game seed: 1978958300974910500

58 EnegeticOcto the Ruffian (level 3, -2/35 HPs)
             Began as a Troll Warper on Mar 29, 2021.
             Slain by a scorpion (6 damage)
             ... on level 4 of the Dungeon.
             The game lasted 00:01:34 (319 turns).

EnegeticOcto the Ruffian (Troll Warper)              Turns: 319, Time: 00:01:35

Health: -2/35      AC:  4    Str: 19    XL:     3   Next: 75%
Magic:  3/3        EV:  9    Int: 10    God:
Gold:   71         SH:  0    Dex:  9    Spells: 4/4 levels left

rFire    . . .     SeeInvis .     - Unarmed
rCold    . . .     Faith    .   (no shield)
rNeg     . . .     Spirit   .   a - +0 robe
rPois    .         Reflect  .   (helmet restricted)
rElec    .         Harm     .   (no cloak)
rCorr    .         Rampage  .   (gloves unavailable)
Will     +....                  (boots unavailable)
Stlth    +.........             (no amulet)
HPRegen  1.11/turn              h - ring of willpower
MPRegen  0.08/turn              (no ring)

@: lethally poisoned (-2 -> -3)
A: large, unfitting armour, claws 3, regeneration 1, shaggy fur 1, tough skin 1
a: no special abilities


You were on level 4 of the Dungeon.
You visited 1 branch of the dungeon, and saw 4 of its levels.

You collected 71 gold pieces.

Inventory:

Missiles
 d - 5 boomerangs of dispersal
 l - 5 boomerangs (quivered)
Armour
 a - a +0 robe (worn)
Magical Staves
 j - a staff of cold
   (You found it on level 4 of the Dungeon)
Jewellery
 h - a ring of willpower (left claw)
   (You found it on level 3 of the Dungeon)
Scrolls
 c - a scroll of blinking {@r4}
 e - 3 scrolls of identify {unknown}
 k - a scroll of enchant armour {unknown}
Potions
 b - a potion of ambrosia {unknown}
 f - 2 potions of haste {unknown}
 g - a potion of curing {unknown}
 i - a potion of lignification {unknown}


   Skills:
 + Level 2.3 Fighting
 - Level 0.8 Throwing
 - Level 1.9 Dodging
 * Level 3.6 Unarmed Combat
 - Level 1.2 Spellcasting
 - Level 2.1 Translocations


You had 4 spell levels left.
You didn't know any spells.
Your spell library contained the following spells:

 Spells                   Type           Power      Damage    Failure   Level
 Blink                    Tloc           N/A        N/A       21%         2
 Gell's Gravitas          Tloc           2%         N/A       38%         3
 Lesser Beckoning         Tloc           2%         N/A       38%         3
 Teleport Other           Tloc           5%         N/A       38%         3
 Manifold Assault         Tloc           5%         N/A       98%         5


Dungeon Overview and Level Annotations

Branches:
Dungeon (4/15)
 Temple: D:4-7

Altars:
Uskayaw

Shops:
D:3 [


Innate Abilities, Weirdness & Mutations

You are too large for most types of armour.
You have claws for hands.
Your natural rate of healing is unusually fast.
You are covered in fur. (AC +1)
You have tough skin. (AC +1)


Message History

You are too injured to fight recklessly!
The endoplasm hits you but does no damage.
You scratch the endoplasm.
You kill the endoplasm!
The orc throws a boomerang.
The boomerang hits you but does no damage.
The orc hits you but does no damage.
You scratch the orc.
The orc is severely wounded.
The orc throws a boomerang.
The boomerang barely misses you.
You scratch the orc but do no damage.
The orc is severely wounded.
The orc hits you with a +0 short sword.
You are too injured to fight recklessly!
You are too injured to fight recklessly!
You are too injured to fight recklessly!
You are too injured to fight recklessly!
You are too injured to fight recklessly!
You are too injured to fight recklessly!
You are too injured to fight recklessly!
You are too injured to fight recklessly!
You are too injured to fight recklessly!
You are too injured to fight recklessly!
You are too injured to fight recklessly!
You are too injured to fight recklessly!
You are too injured to fight recklessly!
You are too injured to fight recklessly!
You are too injured to fight recklessly!
You are too injured to fight recklessly!
You barely miss the orc.
The orc is severely wounded.
The orc hits you with a +0 short sword. The orc barely misses you.
You claw the orc!
You kill the orc!
The orc throws a boomerang.
The boomerang hits you. The orc hits you with a +0 dagger.
You claw the orc!
You kill the orc!
You barely miss the orc. The orc barely misses you.
You scratch the orc but do no damage. The orc hits you but does no damage.
You scratch the orc.
The orc is moderately wounded.
The orc completely misses you.
You scratch the orc.
The orc is heavily wounded.
The orc hits you with a +0 whip.
You claw the orc!
You kill the orc!
l - 5 boomerangs
Items here: )) [[ †.
You now have 71 gold pieces (gained 14).
Things that are here:
a +0 short sword; an orc corpse An orc comes into view.
It is wielding a +0 mace.
The orc shouts!
The orc moves out of view.
Found a long sword.
A scorpion comes into view.
Throw: 5 boomerangs
Press: ? - help, Q - select action, (/) - cycle Shift-Dir - straight line, f - scorpion
Aim: a scorpion (54% to hit)
You throw a boomerang.
The boomerang closely misses the scorpion.
Throw: 5 boomerangs
Press: ? - help, Q - select action, (/) - cycle Shift-Dir - straight line, f/p - scorpion
Aim: a scorpion (54% to hit)
You throw a boomerang.
The boomerang barely misses the scorpion.
Throw: 5 boomerangs
Press: ? - help, Q - select action, (/) - cycle Shift-Dir - straight line, f/p - scorpion
Aim: a scorpion (54% to hit)
You throw a boomerang. The boomerang hits the scorpion!
The scorpion is moderately wounded.
You closely miss the orc. The orc barely misses you.
The orc hits you with a +0 mace.
You scratch the orc.
The orc is heavily wounded.
The scorpion stings you! The orc hits you but does no damage.
You scratch the scorpion. Your claw misses the scorpion.
The scorpion is heavily wounded.
The scorpion closely misses you.
You scratch the scorpion.
The scorpion is severely wounded.
You scratch the scorpion.
The scorpion is almost dead.
The scorpion stings you!
You are poisoned.
The scorpion poisons you!
You completely miss the scorpion.
The scorpion is almost dead.
You feel sick. The scorpion stings you!
You are more poisoned.
The scorpion poisons you! The orc hits you with a +0 mace.
* * * LOW HITPOINT WARNING * * *
You feel very sick.
You feel very sick.
You closely miss the scorpion.
The scorpion is almost dead.
You feel sick. The scorpion stings you.
You die...

#...###................#
#......................
##.8.8.8.[.......###.###.
###......†..................
....................##.#....
....#.............)###.#....
....#_)...........).#.......
....#....[.#.###.s.)..#
.............# #@#.#..#.##..
.............. #.............
.....8.8.8..#................
..........^####..............
..........................###
........#######.........###
........# ##...)......
......#.# #.....##.##.
.....##.# #.....# ..


You could see a scorpion.

Vanquished Creatures
  An iguana (D:4)
  An adder (D:4)
  3 orcs (D:4)
  3 endoplasms (D:4)
  A goblin (D:4)
  A hobgoblin (D:3)
  4 jackals (D:1)
  A quokka (D:3)
  3 ball pythons (D:3)
  A kobold (D:3)
19 creatures vanquished.

Notes
Turn   | Place    | Note
-------+----------+-------------------------------------------
     0 | D:1      | EnegeticOcto the Troll Warper began the quest for the Orb.
     0 | D:1      | Reached XP level 1. HP: 19/19 MP: 1/1
    73 | D:3      | Found Myim's Antique Armour Boutique.
    85 | D:3      | Reached XP level 2. HP: 28/28 MP: 2/2
   230 | D:4      | Found a hide-covered altar of Uskayaw.
   245 | D:4      | Reached skill level 2 in Fighting
   245 | D:4      | Reached skill level 3 in Unarmed Combat
   245 | D:4      | Reached XP level 3. HP: 35/35 MP: 3/3
   304 | D:4      | Noticed a scorpion
   319 | D:4      | Slain by a scorpion

Illustrated notes

Levels and vault maps discovered:
D:1:      saegor_arrival_simple_d, layout_loops_corners, serial_shops, shop,
          minmay_cupped
D:2:      layout_loops_ring
D:3:      layout_loops_cross, old_standard_altar, serial_shops,
          nicolae_shop_behind_doors, grunt_ministairs_4, uniq_robin
D:4:      layout_rooms, amethyst_overflow_temple_binary,
          ashenzari_conservatory_becter, eat_drink_and_be_merry_uskayaw

Skill      XL: |  1  2 |
---------------+-------+-----
Fighting       | 2 |  2.3
Unarmed Combat | 3 |  3.6
Throwing       | |  0.8
Dodging        | |  1.9
Spellcasting   | |  1.2
Translocations | |  2.1

Action                   || total
-------------------------++-------
Melee: Unarmed           ||    55
Throw: Boomerang         ||     3
Armor: Robe              ||    17
Dodge: Dodged            ||    20

Table legend: (Time is in decaauts)
 A = Elapsed time spent in this place.
 B = Non-inter-level travel time spent in this place.
 C = Inter-level travel time spent in this place.
 D = Time resting spent in this place.
 E = Time spent auto-exploring this place.
 F = Levels seen in this place.
 G = Mean time per level.
                   A        B        C        D        E       F      G
               +--------+--------+--------+--------+--------+-----+--------+
         Total |    316 |    293 |     23 |      0 |      0 |   4 |   79.0 |
       Dungeon |    316 |    293 |     23 |      0 |      0 |   4 |   79.0 |
               +--------+--------+--------+--------+--------+-----+--------+

Top non-repeatable levels by time:
     D:3: 139 daAuts
     D:4: 104 daAuts
     D:1: 41 daAuts
     D:2: 31 daAuts
